[Event "Live Chess"]
[Site "Chess.com"]
[Date "2024.06.02"]
[Round "-"]
[White "gobbles19"]
[Black "Purple1szed"]
[Result "1-0"]
[WhiteElo "2248"]
[BlackElo "1993"]
[TimeControl "300"]
[EndTime "8:55:14 PDT"]
[Termination "gobbles19 won by resignation"]

1. e4 e5 2. d4 exd4 3. c3 dxc3 4. Bc4 cxb2 5. Bxb2 Bb4+ 6. Nd2 Nf6 7. Bxf7+ Kxf7 8.
Qb3+ d5 9. Qxb4 Nc6 10. Qb3 Be6 11. e5 Ne4 12. Ngf3 Rf8 13. O-O Qd7 14. Nxe4 dxe4 15. Ng5+ Ke7 16. Ba3+ 1-0

[Event "Live Chess"]
[Site "Chess.com"]
[Date "2024.06.02"]
[Round "-"]
[White "StoreySniper"]
[Black "upoe610"]
[Result "1-0"]
[WhiteElo "2481"]
[BlackElo "2150"]
[TimeControl "300"]
[EndTime "8:55:18 PDT"]
[Termination "StoreySniper won by resignation"]

1. e4 e5 2. Nf3 Nc6 3. Bb5 a6 4.
Bxc6 dxc6 5. d3 Bd6 6. Nbd2 Ne7 7.
Nc4 Ng6 8. g3 Bg4 9. h3 Bxf3 10.
Qxf3 Qe7 11. Bd2 O-O-O 12. O-O-O Kb8 13. Kb1 f6 14. h4 Bc5 15. Qg2 Nf8 16. f4 Ne6 17. f5 Nd4 18. g4 Ka7 19. g5 Nb5 20. h5 Nd6 21. Ne3 h6 22. gxh6 gxh6 23. Qf3 Rhg8 24. Rdg1 Nb5 25. Rg6 Nd4 26. Qd1 Rxg6 27.
hxg6 Qg7 28. Ng4 Rh8 29. Bxh6 Qd7 30. Be3 Rxh1 31. Qxh1 Bb6 32. Qh7 Qd6 33. a3 Qc5 34. Qh2 Qa5 35. Qd2 Qb5 36. g7 Ba5 37. Bxd4+ exd4 38. Qxa5 Qxa5 39. g8=Q Qe1+ 40. Ka2 Qd2 41. Nxf6 Qxc2 42.
Qc4 Qf2 43. Nd7 1-0

[Event "Live Chess"]
[Site "Chess.com"]
[Date "2024.06.02"]
[Round "-"]
[White "davigator"]
[Black "MagnersCarlsberg2870"]
[Result "1-0"]
[WhiteElo "2327"]
[BlackElo "1743"]
[TimeControl "300"]
[EndTime "8:55:19 PDT"]
[Termination "davigator won by resignation"]

1. e4 e5 2. Nf3 Nf6 3. Nxe5 Nc6 4. Nxc6 dxc6 5. d3 Bc5 6. Be2 h5 7. c3 Ng4 8. d4 Be7 9. O-O Qd6 10.
e5 Qg6 11. Bd3 f5 12. Qf3 h4 13. h3 Nh6 14. Nd2 Nf7 15. Nc4 Bg5 16. Ne3 c5 17.
Bxf5 Bxf5 18. Qxf5 Qxf5 19. Nxf5 Bxc1 20. Raxc1 c4 21. Nxg7+ Kf8 22. Ne6+ Ke7 23. Nxc7 Rac8 24. Nd5+ Ke6 25. Nf4+ Kf5 26. Ne2 1-0

[Event "Live Chess"]
[Site "Chess.com"]
[Date "2024.06.02"]
[Round "-"]
[White "Kyrylo7770"]
[Black "E2E4colchester"]
[Result "1-0"]
[WhiteElo "1650"]
[BlackElo "1003"]
[TimeControl "300"]
[EndTime "8:55:22 PDT"]
[Termination "Kyrylo7770 won by checkmate"]

1. d4 Nf6 2. Nf3 d5 3. Bg5 h5 4. h4 Nc6 5. e3 e6 6. c3 Be7 7. Nbd2 Ne4 8. Bxe7 Qxe7 9. Bb5 Bd7 10. Bxc6 Bxc6 11.
Ne5 O-O-O 12. Qb3 f6 13. Ng6 Qe8 14. Nxh8 Qxh8 15. Nxe4 dxe4 16. O-O-O g5 17. Qxe6+ Bd7 18. Qxe4 Qg8 19. hxg5 fxg5 20. Rxh5 Qxa2 21. Rxg5 Qa1+ 22. Qb1 Qa5 23. Rxa5 Bf5 24. Qxf5+ Kb8 25. Rd5 Rd6 26. Qf8+ Rd8 27. Rxd8# 1-0

[Event "Live Chess"]
[Site "Chess.com"]
[Date "2024.06.02"]
[Round "-"]
[White "JanMur7"]
[Black "stevochess11"]
[Result "1-0"]
[WhiteElo "2264"]
[BlackElo "1703"]
[TimeControl "300"]
[EndTime "8:55:34 PDT"]
[Termination "JanMur7 won by resignation"]

1. c4 c6 2. Nc3 f6 3. d4 e5 4. dxe5 Bb4 5. e4 Bxc3+ 6. bxc3 Qa5 7. Bd2 Qxe5 8. Bd3 Ne7 9. Nf3 Qh5 10. O-O d5 11. cxd5 cxd5 12. exd5 Nxd5 13. Re1+ Kf7 14. Bc4 Be6 15. Ne5+ Qxe5 16. Rxe5 fxe5 17. Qf3+ Nf6 18. Qxb7+ Nbd7 19. Bxe6+ Kxe6 20. Bg5 Rhb8 21. Qc6+ Kf5 22.
Bxf6 Nxf6 23. h3 Rc8 24. Qf3+ Ke6 25. Re1 Rab8 26. Qg3 Rc5 27. Qxg7 Rxc3 28. Qxa7 Rb2 29. Qa6+ Kf5 30. Qa5 Ne4 31. Rxe4 Rc1+ 32. Re1 Rxe1+ 33.
Qxe1 Rxa2 34. Qb1+ 1-0

[Event "Live Chess"]
[Site "Chess.com"]
[Date "2024.06.02"]
[Round "-"]
[White "CheDA13"]
[Black "BigAl"]
[Result "0-1"]
[WhiteElo "1510"]
[BlackElo "2539"]
[TimeControl "300"]
[EndTime "8:55:51 PDT"]
[Termination "BigAl won by resignation"]

1. e4 c5 2. Nf3 e6 3. d4 cxd4 4. Nxd4 a6 5. Bd3 Qc7 6. O-O Nf6 7. c4 Nc6 8. Nxc6 dxc6 9. Nc3 e5 10. Be3 Ng4 11.
Bd2 Bc5 12. h3 Nf6 13. Re1 Be6 14. Be3 Bxe3 15. Rxe3 Rd8 16. Qc2 O-O 17. Rd1 Qe7 18. b3 g6 19. Re2 Nh5 20. Red2 Qg5 21. Kh1 Kg7 22. Bf1 Nf4 23. Rxd8 Rxd8 24. Rxd8 Qxd8 25. Ne2 Nd3 26. Nc1 Nxc1 27. Qxc1 Qd4 28. Qc2 c5 29. g3 h5 30. Bg2 b5 31. cxb5 axb5 32. Kg1 c4 33.
bxc4 bxc4 34. a3 Qa1+ 35. Kh2 Qxa3 36. Bf1 Qb3 37. Qd2 c3 38. Qc1 Qb2 39. Qxb2 cxb2 40. Bd3 Ba2 41. f4 f6 42. fxe5 fxe5 43. g4 h4 0-1

[Event "Live Chess"]
[Site "Chess.com"]
[Date "2024.06.02"]
[Round "-"]
[White "Demyan7777"]
[Black "ivan_1968"]
[Result "1-0"]
[WhiteElo "1932"]
[BlackElo "1828"]
[TimeControl "300"]
[EndTime "8:56:28 PDT"]
[Termination "Demyan7777 won on time"]

1. e4 c6 2. d4 d5 3. exd5 cxd5 4. c4 Nf6 5. Nc3 g6 6. cxd5 Bg7 7. Bc4 O-O 8. Nf3 b6 9. O-O Bb7 10. Qb3 Na6 11. Bf4 Nc7 12. Bxc7 Qxc7 13. Rac1 Rac8 14.
Nb5 Qb8 15. Rfe1 a6 16. Nc3 b5 17. Bd3 Qd6 18. Be4 Nxe4 19. Nxe4 Qxd5 20. Qxd5 Bxd5 21.
Nc5 Bxf3 22. gxf3 e6 23. Nxa6 Ra8 24. Nb4 Bxd4 25. b3 Rfc8 26. Nc6 Bf6 27. Nb4 Bc3 28. Re4 Kg7 29. Nd3 Rxa2 30. Kg2 Rd2 31. Nf4 b4 32. Rxb4 Bxb4 33. Rxc8 Rb2 34. Rb8 Rxb3 35.
Rb7 Kf6 36. Rb6 g5 37. Nd5+ Ke5 38. Nxb4 Rc3 39. Rb7 Kf6 40. Rb6 Rc1 41. Nd5+ Kg6 42. Ne3 h5 43. Rb5 f5 44. Rb6 Kf6 45. Rb4 g4 46. fxg4 hxg4 47. h3 gxh3+ 48. Kxh3 e5 49. Rb6+ Kg5 50. Rb5 Kf4 51. Kg2 Rc8 52. Rb7 Rg8+ 53.
Kf1 e4 54. Rf7 Rg5 55. Ke2 Ke5 56. Rb7 f4 57. Rb5+ Kf6 58. Rxg5 Kxg5 59. Nd5 Kg4 60. Nc3 Kf5 61. Nd1 Kg4 62. Nc3 Kf5 63. Nd5 Ke5 64. Ne7 Kd4 65. Ng6 f3+ 66. Ke1 Kd3 67. Nf4+ Kd4 68.
Ne6+ Ke5 69. Ng5 Kf4 70. Nh3+ Ke5 71. Kd2 Kd4 72. Ng5 Ke5 73. Ke3 Kf5 74. Nxf3 1-0

[Event "Live Chess"]
[Site "Chess.com"]
[Date "2024.06.02"]
[Round "-"]
[White "McFim"]
[Black "Zhevzh1k7"]
[Result "1-0"]
[WhiteElo "1818"]
[BlackElo "1121"]
[TimeControl "300"]
[EndTime "8:56:37 PDT"]
[Termination "McFim won by checkmate"]

1. e4 c6 2. d4 d5 3. exd5 cxd5 4. Bd3 Nc6 5. c3 Nf6 6. Bf4 e6 7. Nf3 Bd6 8. Bxd6 Qxd6 9. Nbd2 Bd7 10. O-O O-O 11.
Qe1 Rac8 12. Ne5 Rfe8 13. f4 Qc7 14. Rf3 Nxe5 15. fxe5 Nh5 16. Qh4 g6 17. g4 Ng7 18.
Rh3 h5 19. gxh5 gxh5 20. Rg3 Kf8 21. Qf6 Nf5 22. Bxf5 exf5 23. Rg7 Be6 24. Rh7 Qe7 25. Rh8# 1-0

[Event "Live Chess"]
[Site "Chess.com"]
[Date "2024.06.02"]
[Round "-"]
[White "grillage"]
[Black "BishopofWells"]
[Result "1-0"]
[WhiteElo "1883"]
[BlackElo "1577"]
[TimeControl "300"]
[EndTime "8:56:38 PDT"]
[Termination "grillage won by resignation"]

1. d4 d5 2. Nf3 h6 3. c4 e6 4. cxd5 exd5 5. Nc3 c6 6. Qc2 Nf6 7. Bf4 Bd6 8. Bxd6 Qxd6 9. e3 Bg4 10. Ne5 Bh5 11. Bd3 Nbd7 12. f4 O-O-O 13. h3 Rde8 14. g4 Bxg4 15. hxg4 Nh7 16. O-O-O f6 17. Nxd7 Qxd7 18.
Bxh7 Qxg4 19. Bf5+ 1-0

[Event "Live Chess"]
[Site "Chess.com"]
[Date "2024.06.02"]
[Round "-"]
[White "elephantgerrald"]
[Black "TC2304"]
[Result "0-1"]
[WhiteElo "913"]
[BlackElo "2317"]
[TimeControl "300"]
[EndTime "8:56:40 PDT"]
[Termination "TC2304 won by checkmate"]

1. e4 c5 2. Nf3 a6 3. Bc4 e6 4.
O-O Nc6 5. Nc3 Be7 6. h3 d6 7. b3 Nf6 8. Bb2 b5 9. Be2 b4 10. Na4 Nxe4 11. d3 Nf6 12. Bxf6 Bxf6 13. Rb1 O-O 14. Nb2 Bb7 15. Qd2 Nd4 16. Nxd4 Bxd4 17.
Nc4 a5 18. a4 bxa3 19. Nxa3 Qf6 20. Nc4 Qg6 21. g3 Qxg3# 0-1

[Event "Live Chess"]
[Site "Chess.com"]
[Date "2024.06.02"]
[Round "-"]
[White "Trendle"]
[Black "resipsa6"]
[Result "1-0"]
[WhiteElo "2600"]
[BlackElo "2015"]
[TimeControl "300"]
[EndTime "8:56:45 PDT"]
[Termination "Trendle won by resignation"]

1. e4 e5 2. Nf3 Nf6 3. d4 Nxe4 4.
Bd3 d5 5. Nxe5 Bd6 6. Nc3 Nxc3 7.
bxc3 Bxe5 8. dxe5 Qe7 9. O-O Be6 10. Rb1 c6 11. f4 g6 12. f5 Bxf5 13. Bxf5 gxf5 14.
Rxf5 b6 15. Qf3 Nd7 16. Bg5 Qe6 17. Rf1 h6 18. Bh4 O-O 19. Bf6 Nxf6 20. Rxf6 Qxe5 21. Rxh6 Qg5 22. Rh3 1-0

[Event "Live Chess"]
[Site "Chess.com"]
[Date "2024.06.02"]
[Round "-"]
[White "Ferrarifan27"]
[Black "OnlyTheHurf"]
[Result "1-0"]
[WhiteElo "2157"]
[BlackElo "1146"]
[TimeControl "300"]
[EndTime "8:56:46 PDT"]
[Termination "Ferrarifan27 won by resignation"]

1. e4 e5 2. Nf3 Nc6 3. Bb5 Qf6 4.
Nc3 Bc5 5. Nd5 Qd6 6. d3 Nd4 7. Nxd4 exd4 8. Bf4 Qg6 9. Nxc7+ Kf8 10. Nxa8 Qxg2 11. Rf1 Nf6 12. Nc7 g6 13. Nd5 Nxd5 14. exd5 Qxd5 15. Bh6+ Kg8 16. Qe2 Qe6 17. Qxe6 fxe6 18.
Kd2 Kf7 19. Rae1 Kf6 20. Re4 g5 21. Rg4 Rg8 22. h4 Rg6 23. Bxg5+ Kf5 24. Rgg1 h6 25. h5 Rxg5 26. Rxg5+ hxg5 27. h6 Kg6 28. Rh1 Kh7 29. Ke2 a6 30. Ba4 b5 31. Bb3 Bb7 32. Rh5 d5 33. Kf3 Bc6 34. Rxg5 Kxh6 35. Rg8 e5 36. Rc8 Bd7 37. Rxc5 Bf5 38. Bxd5 Kg5 39. Be4 Bg4+ 40.
Kg3 Bd1 41. Rxe5+ Kf6 42. Rf5+ Ke6 43. c3 dxc3 44. bxc3 Bc2 45. Rf4 Bb1 46. Rh4 Kd7 47. Rh6 Kc7 48. Rxa6 b4 49. cxb4 Bc2 50. a4 Bb3 51.
Rc6+ Kd7 52. a5 Ba4 53. Rc5 Bc2 54. Rxc2 1-0

[Event "Live Chess"]
[Site "Chess.com"]
[Date "2024.06.02"]
[Round "-"]
[White "friarnator"]
[Black "ACM42"]
[Result "0-1"]
[WhiteElo "2199"]
[BlackElo "2158"]
[TimeControl "300"]
[EndTime "8:57:04 PDT"]
[Termination "ACM42 won by resignation"]

1. d4 Nf6 2. Nc3 g6 3. Bf4 Bg7 4. Qd2 d6 5. Bh6 O-O 6. h4 c5 7.
Nf3 cxd4 8. Nxd4 Nc6 9. Nxc6 bxc6 10. h5 e5 11. O-O-O d5 12. hxg6 fxg6 13. Bxg7 Kxg7 14. Qh6+ Kg8 15. e4 d4 16. Bc4+ Kh8 17. f4 Qe7 18. fxe5 Ng4 19. Qh4 Qxh4 20. Rxh4 dxc3 21. Rdh1 h5 22.
e6 Re8 23. Rxg4 Kg7 24. Rg5 cxb2+ 25. Kxb2 Kf6 26. Rc5 Rb8+ 27. Kc3 Bxe6 28. Rxc6 Rbc8 29. e5+ Kg7 30. Rxe6 Rxe6 31. Kd4 Rec6 32. Bd3 Rd8+ 33. Ke4 Rc5 34. Rb1 Rd7 35. Rb5 Rcc7 36. e6 Re7 37. Kd5 Kf6 38. Rb8 Rxe6 39. Rf8+ Rf7 40. Rg8 Rd7+ 41. Kc5 Kg5 42. a4 Rde7 43. Kd4 h4 44.
Rf8 Rf6 45. Rh8 Rf4+ 46. Kc3 Rxa4 47. Kd2 Rg4 48. Kc3 Rxg2 49. Rf8 Rg3 50. Rf1 h3 51.
Rh1 Kh4 52. Kd2 g5 53. Kc3 0-1

[Event "Live Chess"]
[Site "Chess.com"]
[Date "2024.06.02"]
[Round "-"]
[White "juniortay"]
[Black "GerardATHart"]
[Result "1-0"]
[WhiteElo "2251"]
[BlackElo "1417"]
[TimeControl "300"]
[EndTime "8:57:15 PDT"]
[Termination "juniortay won by resignation"]

1. e4 e5 2. Nc3 Nf6 3. f4 d5 4.
fxe5 Nxe4 5. d3 Nc5 6. d4 Ne6 7. Nf3 b6 8. Bd3 Bb7 9. O-O c5 10. Kh1 cxd4 11. Nb5 a6 12. Nbxd4 Bc5 13. Nxe6 fxe6 14.
Ng5 Qe7 15. Qh5+ g6 16. Bxg6+ 1-0

[Event "Live Chess"]
[Site "Chess.com"]
[Date "2024.06.02"]
[Round "-"]
[White "Crowded_House"]
[Black "mychess51"]
[Result "0-1"]
[WhiteElo "1630"]
[BlackElo "1734"]
[TimeControl "300"]
[EndTime "8:57:16 PDT"]
[Termination "mychess51 won by checkmate"]

1. d4 e6 2. Nf3 d5 3. Bg5 Nf6 4.
e3 Be7 5. Bd3 h6 6. Bh4 c5 7. c3 Nc6 8. Nbd2 Qb6 9. b3 O-O 10.
O-O Ng4 11. Bxe7 Nxe7 12. h3 Nf6 13. dxc5 Qxc5 14. Rc1 Nc6 15. b4 Qd6 16. Nd4 Ne5 17. Nb5 Qd7 18. Be2 a6 19. Nd4 b5 20.
N4f3 Nc4 21. Nxc4 bxc4 22. Ne5 Qe8 23. Qc2 a5 24. a3 axb4 25. axb4 Bb7 26. Ra1 Qe7 27.
Qb2 Qc7 28. Nf3 Ne4 29. Rxa8 Rxa8 30. Ra1 Qb8 31. Rxa8 Qxa8 32. Nd2 f5 33. Nxe4 fxe4 34. f3 exf3 35. Bxf3 Qa4 36. Kf2 Kf7 37. Ke2 Ke7 38. Kd2 Kd6 39. Kc1 Qa7 40. Kb1 Qxe3 41. Qa3 Qb6 42.
Qa5 Qxa5 43. bxa5 Kc5 44. Bg4 e5 45. Kc2 Kb5 46. Be6 Kxa5 47. g3 Kb5 48. h4 Kc5 49. Bf7 d4 50. cxd4+ exd4 51. Be6 Be4+ 52. Kd2 c3+ 53. Kc1 d3 54. Bb3 Kd4 55. g4 Ke3 56. Kd1 Kf4 57. g5 hxg5 58. hxg5 Kxg5 59. Bf7 Kf4 60. Bh5 g5 61. Bf7 g4 62. Bh5 g3 63.
Bg6 g2 64. Bxe4 g1=Q# 0-1

[Event "Live Chess"]
[Site "Chess.com"]
[Date "2024.06.02"]
[Round "-"]
[White "bobby_jamesFischer86"]
[Black "FREDERICKtheMATE"]
[Result "0-1"]
[WhiteElo "1630"]
[BlackElo "2663"]
[TimeControl "300"]
[EndTime "8:57:26 PDT"]
[Termination "FREDERICKtheMATE won by resignation"]

1. d4 d5 2. c4 c6 3. Nc3 Nf6 4. cxd5 cxd5 5. e3 Nc6 6. Nf3 Bg4 7. Be2 e6 8. Kf1 Bd6 9. h3 Bxf3 10. Bxf3 O-O 11.
Ke2 Rc8 12. Re1 Bb4 13. Bd2 Na5 14. a3 Bxc3 15. Bxc3 Nc4 16. Kf1 Qb6 17. Rc1 Nxb2 18. Bxb2 Qxb2 19. Qa4 Rxc1 20. Rxc1 Qxc1+ 0-1

[Event "Live Chess"]
[Site "Chess.com"]
[Date "2024.06.02"]
[Round "-"]
[White "ShanthamGrarks"]
[Black "Pandreq"]
[Result "1-0"]
[WhiteElo "1902"]
[BlackElo "1223"]
[TimeControl "300"]
[EndTime "8:57:35 PDT"]
[Termination "ShanthamGrarks won by resignation"]

1. d4 d5 2. Nc3 c6 3. e4 Nf6 4. e5 Nfd7 5. Bg5 Nb6 6. f4 h6 7. Bh4 Bf5 8. Bd3 Qd7 9. Nf3 Bxd3 10. Qxd3 Qg4 11. O-O Qxf4 12. e6 f5 13. Bg3 Qg4 14.
Ne5 Qg5 15. Rxf5 Qxf5 16. Qxf5 1-0

[Event "Live Chess"]
[Site "Chess.com"]
[Date "2024.06.02"]
[Round "-"]
[White "Hoogleboogle"]
[Black "MaximKovalenko83"]
[Result "0-1"]
[WhiteElo "1194"]
[BlackElo "2189"]
[TimeControl "300"]
[EndTime "8:57:43 PDT"]
[Termination "MaximKovalenko83 won by checkmate"]

1. d4 c6 2. c4 d5 3. Nc3 dxc4 4. e4 e5 5. Bxc4 exd4 6. Nce2 c5 7. Nf4 Nf6 8. Nd3 Nxe4 9. f3 Qh4+ 10. g3 Nxg3 11. hxg3 Qxh1 12. Qe2+ Be7 13. Qf2 Nc6 14. Bf4 O-O 15.
Ne5 Nxe5 16. Bxe5 Be6 17. Bxe6 fxe6 18. f4 Qe4+ 19. Ne2 d3 20. Kd2 dxe2 21. Qxe2 Rad8+ 22. Ke1 Qh1+ 23. Qf1 Qh2 24. Rd1 Qxg3+ 25. Qf2 Rxd1+ 26.
Ke2 Rd2+ 27. Ke1 Qxf2# 0-1

[Event "Live Chess"]
[Site "Chess.com"]
[Date "2024.06.02"]
[Round "-"]
[White "JanMur7"]
[Black "E2E4colchester"]
[Result "1-0"]
[WhiteElo "2264"]
[BlackElo "1003"]
[TimeControl "300"]
[EndTime "8:57:48 PDT"]
[Termination "JanMur7 won by checkmate"]

1. e4 c5 2. Nf3 Nc6 3. c3 e5 4. d4 Nf6 5. d5 Ne7 6. d6 Nc6 7. Na3 a6 8. Nc4 b5 9. Ncxe5 g6 10.
Nxc6 dxc6 11. e5 Be6 12. exf6 Bxd6 13. Bh6 Kd7 14. Bf4 Kc8 15. Qxd6 Qxd6 16. Bxd6 Bxa2 17.
Rxa2 Rf8 18. Bxf8 Kd7 19. Bxc5 Ke6 20. Ra1 Rf8 21. Rd1 Rd8 22. Rxd8 Kxf6 23. Bd4+ Ke6 24. Bc4+ Kf5 25. Kd2 Kf4 26. Re1 Kf5 27. Rde8 Kf4 28. R8e5 bxc4 29. R1e4# 1-0

[Event "Live Chess"]
[Site "Chess.com"]
[Date "2024.06.02"]
[Round "-"]
[White "willc-h99"]
[Black "best137"]
[Result "1-0"]
[WhiteElo "2546"]
[BlackElo "1535"]
[TimeControl "300"]
[EndTime "8:58:19 PDT"]
[Termination "willc-h99 won on time"]

1. e3 d5 2. b3 Nf6 3. Bb2 g6 4. f4 Bg7 5. Nf3 O-O 6. Be2 Bg4 7. h3 Bxf3 8. Bxf3 e6 9. O-O Nc6 10. d3 a5 11. a3 Re8 12. d4 a4 13. Nd2 Na5 14. b4 Nc4 15. Nxc4 dxc4 16. Bxb7 Rb8 17. Bc6 Rf8 18. Bxa4 Ne4 19. Bc6 Ng3 20. Rf3 Nf5 21. g4 Nd6 22. c3 Rb6 23. Ba4 f5 24. g5 h6 25. h4 hxg5 26. hxg5 Kf7 27. Rh3 Rh8 28.
Qf3 Ne4 29. Bc2 Nd2 30. Qg2 Rxh3 31. Qxh3 Ne4 32. Bxe4 fxe4 33. a4 Rb8 34. a5 Qd7 35.
a6 Rh8 36. Qg2 e5 37. a7 Qc6 38. fxe5 Rh5 39. a8=Q Qe6 40. Rf1+ Ke7 41. b5 Bh6 42. Ba3+ Kd7 43. gxh6 Rh3 44. Qxh3 Qxh3 45. Rf7+ 1-0

[Event "Live Chess"]
[Site "Chess.com"]
[Date "2024.06.02"]
[Round "-"]
[White "booktrunk"]
[Black "hapehansen"]
[Result "0-1"]
[WhiteElo "1480"]
[BlackElo "2255"]
[TimeControl "300"]
[EndTime "8:58:26 PDT"]
[Termination "hapehansen won by resignation"]

1. d4 Nf6 2. Bf4 e6 3. a3 d5 4. Nf3 Bd6 5. e3 c5 6. dxc5 Bxc5 7. Be2 Qb6 8. b4 Be7 9. O-O Nc6 10. Nd4 Nxd4 11. Qxd4 Qxd4 12. exd4 Bd7 13. c3 O-O 14. Rc1 Rfc8 15. Nd2 a5 16. Nb3 b6 17. bxa5 bxa5 18.
Nd2 Ne8 19. Rab1 Bxa3 20. Rc2 Be7 21. Bb5 Bxb5 22. Rxb5 a4 23. Ra2 Rxc3 24. h3 h6 25. Nf3 Nd6 26. Bxd6 Bxd6 27. Ne5 Bxe5 28. dxe5 a3 29. f3 d4 30. Rb4 Rd8 31. Rxd4 Rxd4 0-1

[Event "Live Chess"]
[Site "Chess.com"]
[Date "2024.06.02"]
[Round "-"]
[White "halfberg"]
[Black "TheSmoulderingMaster"]
[Result "1-0"]
[WhiteElo "1895"]
[BlackElo "1777"]
[TimeControl "300"]
[EndTime "8:58:40 PDT"]
[Termination "halfberg won by resignation"]

1. e4 c5 2. Nf3 d6 3. d4 cxd4 4. Nxd4 Nf6 5. Nc3 g6 6. Be2 Bg7 7. O-O O-O 8. Be3 Nc6 9. Nb3 Be6 10. Qd2 Qd7 11. Bh6 Ng4 12. Bxg7 Kxg7 13. Bxg4 Bxg4 14. f3 Be6 15. Nd4 Nxd4 16. Qxd4+ Kg8 17. Kh1 a6 18. Ne2 Rac8 19. Rac1 Rc4 20. Qe3 Rfc8 21. c3 b5 22. Nd4 b4 23. cxb4 Rxc1 24. Rxc1 Rxc1+ 25. Qxc1 Qa7 26. Nxe6 fxe6 27. h3 Qf2 28. a4 h5 29.
b5 axb5 30. axb5 Qg3 31. b6 d5 32. b7 Kf7 33. exd5 exd5 34. f4 d4 35. b8=Q d3 36.
Qb3+ Kg7 37. Qcc3+ Kh6 38. Qxd3 Qxf4 39. Qe3 1-0

[Event "Live Chess"]
[Site "Chess.com"]
[Date "2024.06.02"]
[Round "-"]
[White "goldinspiredphoenix"]
[Black "OliWally08"]
[Result "1-0"]
[WhiteElo "1503"]
[BlackElo "1281"]
[TimeControl "300"]
[EndTime "8:58:44 PDT"]
[Termination "goldinspiredphoenix won by resignation"]

1. d4 Nf6 2. c4 e6 3. Nc3 Bb4 4. Bf4 c5 5. e3 Bxc3+ 6. bxc3 Nc6 7. Nf3 O-O 8. Qc2 Qa5 9. Bd6 Re8 10. Bxc5 b6 11. Bd6 Bb7 12. a3 Ne7 13. Be2 Ne4 14. Bb4 Qf5 15. O-O Ng6 16. Bd3 a5 17.
Nd2 axb4 18. Nxe4 Qg4 19. cxb4 f5 20. Ng3 f4 21. Bxg6 fxg3 22. Bxh7+ Kh8 23. fxg3 Rf8 24. Bd3 Rf6 25. Rxf6 gxf6 26. Rf1 f5 27. Qc3 Rg8 28. d5+ Rg7 29. dxe6 dxe6 30. Qf6 Qh5 31. Qxe6 Rg6 32.
Qe8+ Kg7 33. Bxf5 Qe2 34. Qxg6+ Kf8 35. Qd6+ Ke8 36. Qd7+ Kf8 37. Bg4+ Qxf1+ 38. Kxf1 Bxg2+ 39. Kxg2 1-0

[Event "Live Chess"]
[Site "Chess.com"]
[Date "2024.06.02"]
[Round "-"]
[White "jumush"]
[Black "degringolade64"]
[Result "1/2-1/2"]
[WhiteElo "1736"]
[BlackElo "2069"]
[TimeControl "300"]
[EndTime "8:58:45 PDT"]
[Termination "Game drawn by agreement"]

1. e4 e5 2. Nc3 Nf6 3. Bc4 Bc5 4. f4 exf4 5. d4 Bb4 6. Ne2 Nxe4 7. O-O Bxc3 8.
bxc3 d5 9. Bd3 g5 10. c4 c6 11.
cxd5 cxd5 12. c4 O-O 13. cxd5 Qxd5 14. Qc2 Bf5 15. Bb2 Nc6 16. a3 Rac8 17. Qc4 Qxc4 18. Bxc4 Nd2 19. Rfc1 Nxc4 20. Rxc4 Bd3 21. Rc5 Bxe2 22.
Rxg5+ Kh8 23. d5+ f6 24. Rf5 Ne5 25. Bxe5 fxe5 26. Rxe5 Rce8 27. Rxe8 Rxe8 28. Re1 Bb5 29. Rxe8+ Bxe8 30. Kf2 Kg7 31. Kf3 Kf6 32. Kxf4 b5 33. g4 h6 34. h4 a5 35. g5+ hxg5+ 36. hxg5+ Ke7 37. Ke5 b4 38. axb4 a4 39. Kd4 Kd6 40. Kc3 Kxd5 41. Kb2 Kc4 42. Ka1 Kxb4 43. Kb1 a3 44. Ka1 Bf7 45. Kb1 Kc3 46. g6 Bxg6+ 47. Ka1 Kd2 48. Ka2 Bf5 1/2-1/2

[Event "Live Chess"]
[Site "Chess.com"]
[Date "2024.06.02"]
[Round "-"]
[White "ProfPoisson"]
[Black "gobbles19"]
[Result "0-1"]
[WhiteElo "1352"]
[BlackElo "2248"]
[TimeControl "300"]
[EndTime "8:59:22 PDT"]
[Termination "gobbles19 won by checkmate"]

1. e4 c5 2. Nc3 e6 3. f4 g6 4. Nf3 Bg7 5. Bc4 Ne7 6. d3 d5 7.
Bb5+ Bd7 8. Bxd7+ Nxd7 9. e5 O-O 10. Nb5 Nf5 11. g4 Nh4 12. Nd6 Nxf3+ 13. Qxf3 b6 14. O-O f6 15. Qh3 fxe5 16. fxe5 Nxe5 17. Rxf8+ Qxf8 18.
Nb5 Nf3+ 19. Kg2 Nd4 20. Nxd4 Bxd4 21. Qg3 Qf6 22. Bf4 Rf8 23. Rf1 e5 24. g5 exf4 25.
gxf6 fxg3 26. Kxg3 Rxf6 27. Rxf6 Bxf6 28. Kf4 Bxb2 29.
a4 Kf7 30. h4 h6 31. Kg4 Ke6 32.
h5 gxh5+ 33. Kxh5 Ke5 34. Kxh6 Kd4 35. Kg6 Kc3 36. Kf5 Kxc2 37. Ke6 Kxd3 38. Kxd5 c4 39. Kc6 c3 40. Kb7 c2 41. Kxa7 c1=Q 42. Kxb6 Bd4+ 43. Ka5 Qc5+ 44. Ka6 Qb6# 0-1

[Event "Live Chess"]
[Site "Chess.com"]
[Date "2024.06.02"]
[Round "-"]
[White "Colm_Buckley"]
[Black "NeilDruggan73"]
[Result "1-0"]
[WhiteElo "1895"]
[BlackElo "1708"]
[TimeControl "300"]
[EndTime "8:59:30 PDT"]
[Termination "Colm_Buckley won on time"]

1. d4 Nf6 2. c4 g6 3. Nc3 Bg7 4. e4 d6 5. Be2 O-O 6. Nf3 Nc6 7. O-O e5 8. dxe5 dxe5 9. Be3 Nb4 10. Bc5 Qxd1 11. Rfxd1 Nc2 12. Rac1 Nd4 13. Bxf8 Nxe2+ 14. Nxe2 Bxf8 15. Nxe5 Nxe4 16. f3 Bc5+ 17. Kf1 Nf6 18. Rd8+ Kg7 19. a3 b6 20. b4 Bd6 21. Ng4 Nxg4 22.
fxg4 Bb7 23. Rxa8 Bxa8 24. h3 Be4 25. Kf2 c5 26. b5 Be5 27. Ng3 Bd3 28. a4 Bb2 29. Rd1 Bxc4 30. Rd7 a6 31. bxa6 Bxa6 32. Ne4 Be5 33. Ke3 Bd4+ 34. Kd2 h5 35. gxh5 gxh5 36.
Nd6 Kg6 37. Nxf7 1-0

[Event "Live Chess"]
[Site "Chess.com"]
[Date "2024.06.02"]
[Round "-"]
[White "Dashman93"]
[Black "DylanMeyer1"]
[Result "1/2-1/2"]
[WhiteElo "2124"]
[BlackElo "1708"]
[TimeControl "300"]
[EndTime "8:59:36 PDT"]
[Termination "Game drawn by repetition"]

1. a3 d5 2. c4 dxc4 3. e4 e6 4. Bxc4 Ne7 5. Nc3 a6 6. d4 b5 7. Ba2 Bb7 8. Nf3 g6 9. Bg5 Bg7 10. Qd2 h5 11. Rd1 O-O 12. O-O c6 13. e5 Qc7 14.
Ne4 Nf5 15. h3 Nd7 16. g4 hxg4 17. hxg4 Nxd4 18. Qxd4 c5 19. Qe3 Nxe5 20. Nxe5 Bxe4 21. Qxe4 Bxe5 22. f4 Bxb2 23. Bf6 Bxf6 24. Rf3 Kg7 25. Kg2 Rh8 26. Rfd3 Rad8 27. g5 Bxg5 28. Rxd8 Bxd8 29. Bxe6 fxe6 30. Qxe6 Qb7+ 31. Kg3 Bh4+ 32. Kh3 Kh6 33. Kxh4 Qf3 34. Qd7 Qf2+ 35. Kh3 Qf3+ 36. Kh2 Qf2+ 37. Kh3 Qf3+ 38. Kh2 Qf2+ 39. Kh3 1/2-1/2

[Event "Live Chess"]
[Site "Chess.com"]
[Date "2024.06.02"]
[Round "-"]
[White "upoe610"]
[Black "davigator"]
[Result "1-0"]
[WhiteElo "2162"]
[BlackElo "2313"]
[TimeControl "300"]
[EndTime "8:59:39 PDT"]
[Termination "upoe610 won by resignation"]

1. c4 e5 2. g3 Nf6 3. Bg2 d5 4.
cxd5 Nxd5 5. Nf3 Nc6 6. O-O Be7 7. Nc3 Nb6 8. b3 O-O 9. Bb2 Re8 10. Rc1 Bg4 11.
Ne4 Bf8 12. h3 Bh5 13. g4 Bg6 14. Ng3 Qd7 15. Rxc6 Qxc6 16. Nxe5 Qb5 17. a4 Qa5 18. Bc3 Qc5 19. Bxb7 Rxe5 20. Bxe5 Qxe5 21. Bxa8 Nxa8 22. d4 Qd5 23. e3 f6 24. Ne2 Nb6 25. Nf4 Qd7 26.
a5 Nd5 27. Nxg6 hxg6 28. Qd3 Kh7 29. f3 c6 30. h4 Bb4 31. h5 Ne7 32. Kg2 f5 33.
hxg6+ Kxg6 34. Rh1 Bxa5 35. Rh5 Bc7 36. f4 Qd5+ 37. Kg3 Kf6 38. gxf5 g6 39. e4 Qb5 40. e5+ Kf7 41. fxg6+ Nxg6 42. Qf5+ Kg7 43. Qf6+ Kg8 44. Qxg6+ 1-0